 Dungeon Crawl Stone Soup version 0.30-a0-949-g53dc5368d7 (webtiles) character file.

Game seed: 585305733083115488

13717 qeuew the Grappler (level 11, -11/94 HPs)
             Began as a Troll Berserker on Mar 27, 2023.
             Was a High Priest of Trog.
             Mangled by a swamp worm (20 damage)
             ... on level 1 of the Lair of Beasts.
             The game lasted 00:14:26 (9109 turns).

qeuew the Grappler (Troll Berserker)                Turns: 9109, Time: 00:14:27

Health: -11/94     AC:  6    Str: 31    XL:     11   Next: 79%
Magic:  10/10      EV: 13    Int:  3    God:    Trog [*****.]
Gold:   785        SH:  5    Dex:  9    Spells: 10/10 levels left

rFire   . . .      SeeInvis +      - Unarmed
rCold   + . .      Faith    .    (no shield)
rNeg    . . .      Spirit   .    s - +0 troll leather armour
rPois   .          Reflect  +    (helmet restricted)
rElec   .          Rampage  .    (no cloak)
rCorr   +                        (gloves unavailable)
Will    .....                    (boots unavailable)
Stlth   +                        m - amulet of reflection
HPRegen 1.95/turn                l - ring of see invisible
MPRegen 0.12/turn                q - ring of resist corrosion

@: no status effects
A: large, unfitting armour, claws 3, regeneration 1, shaggy fur 1, tough skin 1,
hooves 1, cold resistance 1, screaming 1
a: Renounce Religion, Berserk, Trog's Hand, Brothers in Arms


You were on level 1 of the Lair of Beasts.
You worshipped Trog.
Trog was extremely pleased with you.
You visited 2 branches of the dungeon, and saw 11 of its levels.
You also visited: Ossuary.

You collected 785 gold pieces.

Inventory:

Missiles
 e - 6 throwing nets (quivered)
Armour
 s - a +0 troll leather armour (worn)
Jewellery
 l - a ring of see invisible (left claw)
 m - an amulet of reflection (around neck)
 q - a ring of resist corrosion (right claw)
Wands
 a - a wand of paralysis (4)
 f - a wand of flame (39)
 i - a wand of iceblast (6)
Scrolls
 c - a scroll of magic mapping
 d - 5 scrolls of identify
 g - 4 scrolls of blinking
 j - 2 scrolls of enchant weapon
 n - 9 scrolls of teleportation
 o - a scroll of brand weapon
 t - a scroll of fog {unknown}
 u - 2 scrolls of fear
Potions
 b - 4 potions of magic
 h - 2 potions of curing
 k - 4 potions of haste
 p - a potion of invisibility
 r - 3 potions of flight


   Skills:
 - Level 2.4 Fighting
 + Level 12.4 Dodging
 + Level 12.8 Unarmed Combat
 + Level 8.0 Evocations


You had 10 spell levels left.
You didn't know any spells.
Your spell library was empty.

Dungeon Overview and Level Annotations

Branches:
Dungeon (10/15)            Temple (0/1) D:7            Lair (1/5) D:10
    Orc (0/2) D:9         Ossuary (visited)

Altars:
Ashenzari
Cheibriados
Dithmenos
Fedhas
Okawaru
Qazlal
Sif Muna
Trog
Vehumet
Zin
The Shining One

Annotations:
D:5 exclusion: oklob plant


Innate Abilities, Weirdness & Mutations

You are too large for most types of armour.
You have claws for hands.
Your natural rate of healing is unusually fast.
You are covered in fur. (AC +1)
You have tough skin. (AC +1)
You have large cloven feet.
Your flesh is cold resistant. (rC+)
You occasionally shout uncontrollably at your foes.


Message History

The plant is heavily damaged.
The swamp worm bites the plant.
You mangle the plant!!
The plant is severely damaged.
The swamp worm bites the plant!! x2
The swamp worm completely misses the plant.
You mangle the plant!! You kick the plant!
The plant is almost destroyed.
A nearby plant withers and dies. x2
You barely miss the swamp worm. You kick the swamp worm.
The swamp worm is lightly wounded.
The swamp worm bites you!! The swamp worm closely misses you.
You scratch the swamp worm. Your kick misses the swamp worm.
The swamp worm is moderately wounded.
The swamp worm bites you!! The swamp worm barely misses you.
You barely miss the swamp worm. You kick the swamp worm.
The swamp worm is moderately wounded.
The swamp worm bites you!
You claw the swamp worm! Your kick misses the swamp worm.
Your claw misses the swamp worm.
The swamp worm is almost dead.
The swamp worm bites you. You block the swamp worm's attack.
You claw the swamp worm!
You kill the swamp worm!
Trog accepts your kill. You block the swamp worm's attack.
Your Evocations skill increases to level 8!
You scratch the swamp worm but do no damage.
You mangle the swamp worm!!
The swamp worm is severely wounded.
The swamp worm misses you. The swamp worm bites you!
You closely miss the swamp worm. You kick the swamp worm.
The swamp worm is severely wounded.
The swamp worm bites you! The swamp worm barely misses you.
You barely miss the swamp worm.
The swamp worm is severely wounded.
The swamp worm bites you!!
* * * LOW HITPOINT WARNING * * *
The swamp worm bites you!!
You die...

####### ##~~~~~##
#~~~~~~~#######
#...P.~#~≈P@w≈~......#
#...#.#~~##w##~~.##..#
#..#.~~~#~|~#~~~###.# #.#
#..#.~≈##(~~##≈~# #.#
#..####....~~#~~~~~#~~# #.#
...........~≈##~~~##≈~# #.#
........#.)~~~#=~~#~~~# #.#
........##.~~~##~##~~#~ #.#
........##.##~~###≈~.####.#


You could see 2 swamp worms.

Vanquished Creatures
  A boulder beetle (Lair:1)
  2 two-headed ogres
  Pikel (D:5)
  A deep elf pyromancer (D:10)
  A deep elf zephyrmancer (D:9)
  An unseen horror (D:10)
  A kobold demonologist (D:9)
  2 polar bears (D:10)
  A troll (D:10)
  Prince Ribbit (D:6)
  A shadow (D:10)
  Sigmund (D:2)
  23 yaks
  A wraith (D:9)
  A wyvern (D:8)
  A steam dragon (D:7)
  Menkaure (D:6)
  A swamp worm (Lair:1)
  Duvessa (D:6)
  A water moccasin (D:5)
  2 ice beasts
  14 orc warriors
  3 ogres
  4 wolves (Lair:1)
  3 centaurs (D:8)
  A phantom (D:2)
  A lemure (D:5)
  Blork the orc (D:4)
  3 kobold brigands
  A bullfrog (D:7)
  12 scorpions
  6 wights
  Dowan (D:6)
  A killer bee (D:8)
  4 howler monkeys
  2 centaur zombies (Ossuary)
  Crazy Yiuf (D:5)
  3 human zombies (Ossuary)
  4 orc priests
  3 hounds
  2 jellies (D:7)
  3 iguanas
  A sleepcap (D:5)
  Natasha (twice) (D:2)
  4 orc wizards
  6 scorpion zombies (Ossuary)
  3 mummies (Ossuary)
  Robin (D:3)
  4 adders
  A river rat (D:5)
  A shadow imp (D:7)
  A white imp (D:5)
  4 worms
  39 orcs
  6 endoplasms
  A giant cockroach (D:5)
  2 gnoll zombies (Ossuary)
  15 hobgoblins
  8 quokkas
  5 ball pythons
  11 bats
  5 frilled lizards
  14 goblins
  2 goblin zombies (Ossuary)
  2 hobgoblin zombies (Ossuary)
  17 kobolds
  A kobold zombie (Ossuary)
  5 orc zombies (Ossuary)
  A rat (D:3)
281 creatures vanquished.

Vanquished Creatures (others)
  A fungus (Lair:1)
  5 plants
  15 toadstools (D:5)
21 creatures vanquished.

Grand Total: 302 creatures vanquished

Notes
Turn   | Place    | Note
-------+----------+-------------------------------------------
     0 | D:1      | qeuew the Troll Berserker began the quest for the Orb.
     0 | D:1      | Reached XP level 1. HP: 22/22 MP: 0/0
   158 | D:1      | Reached XP level 2. HP: 29/29 MP: 1/1
   269 | D:1      | Reached ** piety under Trog
   320 | D:1      | Reached XP level 3. HP: 36/36 MP: 2/2
   608 | D:2      | Noticed a phantom
   617 | D:2      | Killed a phantom
   618 | D:2      | Reached skill level 5 in Unarmed Combat
   618 | D:2      | Reached XP level 4. HP: 38/44 MP: 3/3
   787 | D:2      | Noticed Sigmund
   798 | D:2      | Killed Sigmund
   799 | D:2      | Reached XP level 5. HP: 35/50 MP: 0/4
   799 | D:2      | Reached XP level 6. HP: 41/59 MP: 0/5
  1012 | D:2      | Identified the +8 flail of Mastery {antimagic, rF- rCorr
                  | Str-5 Dex+9}
  1135 | D:2      | Noticed Natasha
  1142 | D:2      | Killed Natasha
  1257 | D:2      | Identified a scroll of acquirement
  1257 | D:2      | Acquired a manual of Dodging
  1280 | D:2      | Noticed Natasha
  1282 | D:2      | Killed Natasha
  1685 | D:3      | Reached *** piety under Trog
  1770 | D:3      | Noticed Robin
  1787 | D:3      | Killed Robin
  1885 | D:3      | Found a stormy altar of Qazlal.
  2280 | D:4      | Found a sand-covered staircase.
  2289 | Ossuary  | Entered an ossuary
  2304 | Ossuary  | Reached XP level 7. HP: 46/66 MP: 6/6
  2364 | Ossuary  | Reached skill level 1 in Evocations
  2540 | Ossuary  | Reached XP level 8. HP: 65/74 MP: 7/7
  2546 | Ossuary  | Reached skill level 5 in Dodging
  2546 | Ossuary  | Reached **** piety under Trog
  2764 | D:4      | Noticed Blork the orc
  2769 | D:4      | Killed Blork the orc
  2993 | D:4      | Found a broken altar of Ashenzari.
  3256 | D:5      | Entered Level 5 of the Dungeon
  3622 | D:5      | Reached XP level 9. HP: 64/80 MP: 8/8
  3628 | D:5      | Noticed Pikel
  3635 | D:5      | Killed Pikel
  3724 | D:5      | Found a runed translucent door.
  3725 | D:5      | Noticed Crazy Yiuf
  3748 | D:5      | Found a blossoming altar of Fedhas.
  3774 | D:5      | Noticed an oklob plant
  4402 | D:5      | Killed Crazy Yiuf
  4623 | D:6      | Noticed Menkaure
  4627 | D:6      | Killed Menkaure
  4628 | D:6      | Reached skill level 10 in Unarmed Combat
  4667 | D:6      | Noticed Prince Ribbit
  4670 | D:6      | Killed Prince Ribbit
  4671 | D:6      | Reached skill level 5 in Evocations
  4941 | D:6      | Noticed Dowan
  4941 | D:6      | Noticed Duvessa
  4949 | D:6      | Killed Duvessa
  4955 | D:6      | Killed Dowan
  5265 | D:6      | Gained mutation: Your spells are a little harder to cast,
                  | but a little more powerful. [potion of mutation]
  5293 | D:6      | Lost mutation: Your spells are a little harder to cast, but
                  | a little more powerful. [potion of mutation]
  5293 | D:6      | Gained mutation: Your magical capacity is low. (-10% MP)
                  | [potion of mutation]
  5293 | D:6      | Gained mutation: You have large cloven feet. [potion of
                  | mutation]
  5293 | D:6      | Gained mutation: You have a pair of small antennae on your
                  | head. [potion of mutation]
  5294 | D:6      | Lost mutation: Your magical capacity is low. (-10% MP)
                  | [potion of mutation]
  5294 | D:6      | Lost mutation: You have a pair of small antennae on your
                  | head. [potion of mutation]
  5294 | D:6      | Lost mutation: You have large cloven feet. [potion of
                  | mutation]
  5294 | D:6      | Gained mutation: You have large cloven feet. [potion of
                  | mutation]
  5294 | D:6      | Gained mutation: Your flesh is cold resistant. (rC+)
                  | [potion of mutation]
  5294 | D:6      | Gained mutation: You occasionally shout uncontrollably at
                  | your foes. [potion of mutation]
  5433 | D:7      | Reached ***** piety under Trog
  5642 | D:7      | Found a shimmering blue altar of Sif Muna.
  5713 | D:7      | Noticed a two-headed ogre
  5722 | D:7      | Killed a two-headed ogre
  5723 | D:7      | Reached XP level 10. HP: 53/88 MP: 9/9
  5730 | D:7      | Found a staircase to the Ecumenical Temple.
  5734 | D:7      | HP: 4/88 [steam dragon (2)]
  5813 | D:7      | Identified the +0 spear of Insomnia {holy, Fragile rElec
                  | Dex+8}
  6079 | D:8      | Noticed a two-headed ogre
  6093 | D:8      | Killed a two-headed ogre
  6191 | D:8      | Found a glowing golden altar of the Shining One.
  6523 | D:8      | Identified the +0 robe of the Yeti {rF+ Str+5 Dex-2}
  6555 | D:8      | Reached skill level 10 in Dodging
  6685 | D:8      | Found a glowing silver altar of Zin.
  7082 | D:9      | Found a staircase to the Orcish Mines.
  7162 | D:9      | Found a shadowy altar of Dithmenos.
  7492 | D:9      | Found a snail-covered altar of Cheibriados.
  7547 | D:9      | Reached XP level 11. HP: 93/94 MP: 10/10
  7758 | D:9      | Received a gift from Trog
  7761 | D:9      | HP: 4/94 [yak (13)]
  7952 | D:9      | Noticed a deep elf zephyrmancer
  7966 | D:9      | Killed a deep elf zephyrmancer
  8026 | D:10     | Entered Level 10 of the Dungeon
  8163 | D:10     | Found a staircase to the Lair.
  8199 | D:10     | Found an iron altar of Okawaru.
  8299 | D:10     | Paralysed by an orc priest for 5 turns
  8380 | D:10     | Found a radiant altar of Vehumet.
  8442 | D:10     | Found a bloodstained altar of Trog.
  8739 | D:10     | Noticed a deep elf pyromancer
  8757 | D:10     | Killed a deep elf pyromancer
  8930 | Lair:1   | Entered Level 1 of the Lair of Beasts
  8986 | Lair:1   | Noticed a boulder beetle
  9023 | Lair:1   | Killed a boulder beetle
  9109 | Lair:1   | Mangled by a swamp worm

Illustrated notes

Levels and vault maps discovered:
D:1:      mrwooster_arrival_statue, layout_basic,
          chequers_serial_rivers_micro_c, minmay_split_cup_small
D:2:      layout_loops_ring, uniq_natasha, uniq_sigmund
D:3:      layout_loops_corners, nicolae_qazlal_general_emergency,
          chequers_serial_rivers_room_a, uniq_robin
D:4:      layout_cave_pools, nicolae_ashenzari_panopticon,
          nicolae_ossuary_entry_monument, uniq_blork_the_orc
D:5:      layout_basic, tgw_fedhas, gup_sewer_entry_spiral,
          uniq_crazy_yiuf_cottage, uniq_pikel
D:6:      layout_loops_corners, uniq_prince_ribbit1, uniq_duvessa, uniq_menkaure
D:7:      layout_basic, kennysheep_little_box, minmay_temple_entry_glass
D:8:      layout_basic, tso_oasis_becter, marbit_many_paths, grunt_ministairs_15
D:9:      layout_loops_corners, cheibriados_altar_1,
          nicolae_dithmenos_shadow_blocks, david_orc_2,
          guppyfry_early_elven_hall
D:10:     layout_roguey [special_room_orc], trog_ov_bears_minmay,
          lemuel_doored_altar, vehumet_crystals, dpeg_oklobed_lair
Lair:1:   beast_lair_carwin_large_1, layout_loops_ring,
          small_statue_intersection, worms_lemuel, lemuel_fruit_fields,
          infiniplex_staircase_pool

Skill      XL: |  1  2  3  4  5  6  7  8  9 10 11 |
---------------+----------------------------------+-----
Unarmed Combat | 4 5 6 7 8 9 10 11 12 | 12.8
Dodging        | 3 4 7 9 11 12 | 12.4
Evocations     | 2 4 5 6 8 |  8.0
Fighting       | |  2.4

Action                     |  1- 3 |  4- 6 |  7- 9 | 10-12 || total
---------------------------+-------+-------+-------+-------++-------
  Melee: Unarmed           |    86 |   113 |   282 |   331 ||   812
         Punch             |       |     2 |    19 |    20 ||    41
         Kick              |       |       |     6 |    87 ||    93
 Invoke: Berserk           |       |       |     2 |     3 ||     5
         Trog's Hand       |       |       |     1 |     1 ||     2
    Use: Scroll            |     5 |     7 |     7 |       ||    19
         Potion            |     4 |       |     7 |     3 ||    14
   Stab: Sleeping          |       |     2 |       |       ||     2
 Armour: Animal skin       |    41 |    37 |    48 |    32 ||   158
         Troll leather arm |       |       |       |    36 ||    36
  Dodge: Dodged            |    42 |    46 |   137 |   176 ||   401
  Block: Other             |       |    22 |    52 |    73 ||   147
         Reflection        |       |       |     1 |     4 ||     5

Table legend: (Time is in decaauts)
 A = Elapsed time spent in this place.
 B = Non-inter-level travel time spent in this place.
 C = Inter-level travel time spent in this place.
 D = Time resting spent in this place.
 E = Time spent auto-exploring this place.
 F = Levels seen in this place.
 G = Mean time per level.
                   A        B        C        D        E       F      G
               +--------+--------+--------+--------+--------+-----+--------+
         Total |   8988 |   8544 |    444 |     57 |   6952 |  12 |  749.0 |
       Dungeon |   8394 |   7950 |    444 |     57 |   6640 |  10 |  839.4 |
          Lair |    168 |    168 |      0 |      0 |    100 |   1 |  168.0 |
       Ossuary |    426 |    426 |      0 |      0 |    212 |   1 |  426.0 |
               +--------+--------+--------+--------+--------+-----+--------+

Top non-repeatable levels by time:
     D:5: 1158 daAuts
     D:9: 1039 daAuts
     D:3: 956 daAuts
     D:8: 947 daAuts
     D:6: 936 daAuts
    D:10: 886 daAuts
     D:2: 726 daAuts
     D:7: 648 daAuts
     D:4: 562 daAuts
     D:1: 530 daAuts
 Ossuary: 426 daAuts
  Lair:1: 168 daAuts
